AoeStats
← Training program

QS Arena

503279458Analyzed
3v3 RM · 1mo ago on Aug 30, 2026· 41m 49s· 6 players
Game mode
Random Map
Map size
Normal (6 player)
Population
200
Speed
Normal
Resources
Standard
Victory
Conquest
Starting age
Dark Age
Ending age
Imperial Age
RankedLock teamsTeams togetherTeam positionsShared explorationLock speedFull tech treeHidden civsTurbo modeCheats
Victory
Defeat
🇨🇦 Mongols · Canada
1022
+13
🇲🇽 Burgundians · Mexico
958
+16
🇲🇽 Maya · Mexico
939
+17
🇲🇽 Mongols · Mexico
1050
-19
🇷🇺 Jurchens · Russia
990
-17
🇨🇿 Dravidians · Czechia
860
-11
Nwelt
8:01 Loom
10:27 Feudal Age
10:52 Double-Bit Axe
10:49 Horse Collar
16:33 Castle Age
15:36 Stone Mining
15:52 Gold Mining
17:50 Fletching
19:44 Fortified Bastions
20:07 Bodkin Arrow
33:32 Town Watch
34:43 Wheelbarrow
38:15 Forging
38:05 Scale Mail Armor
38:13 Scale Barding Armor
38:35 Heavy Plow
38:48 Bow Saw
39:17 Gold Shaft Mining
39:21 Stone Shaft Mining
40:46 Iron Casting
Training program
9:32 Feudal Age
11:14 Double-Bit Axe
13:30 Castle Age
12:42 Horse Collar
15:27 Wheelbarrow
15:55 Bow Saw
17:59 Loom
19:15 Heavy Plow
19:39 Hand Cart
21:59 Gold Mining
24:25 Fletching
24:35 Padded Archer Armor
25:27 Ballistics
29:06 Imperial Age
26:50 Thumb Ring
28:27 Bodkin Arrow
28:48 Leather Archer Armor
28:24 Light Cavalry
29:31 Forging
29:26 Scale Barding Armor
29:53 Medical Corps
30:09 Conscription
31:33 Bracer
33:00 Ring Archer Armor
35:45 Iron Casting
36:32 Chain Barding Armor
38:45 Chemistry
37:42 Murder Holes
39:43 Blast Furnace
d.eseoeneseca
8:22 Feudal Age
13:30 Castle Age
11:58 Horse Collar
12:23 Double-Bit Axe
14:22 Bow Saw
19:54 Wheelbarrow
19:07 Loom
21:48 Heavy Plow
22:03 Forging
22:10 Bloodlines
22:32 Town Watch
23:42 Light Cavalry
24:55 Husbandry
26:05 Iron Casting
25:37 Scale Barding Armor
26:19 Hand Cart
26:13 Town Patrol
27:28 Gold Mining
27:32 Stone Mining
28:06 Chain Barding Armor
29:30 Murder Holes
29:56 Ballistics
29:28 Fletching
[MAD1] killmeifyoucan
9:55 Feudal Age
13:51 Castle Age
12:44 Loom
15:02 Wheelbarrow
20:43 Gold Mining
29:35 Imperial Age
26:51 Town Watch
28:47 Hand Cart
33:01 Capped Ram
34:48 Gold Shaft Mining
36:11 Onager
37:18 Stone Mining
37:41 Horse Collar
dfernandojd
7:21 Wheelbarrow
6:42 Double-Bit Axe
7:07 Horse Collar
12:56 Feudal Age
11:38 Gold Mining
14:01 Hand Cart
14:15 Arson
14:49 Bow Saw
14:43 Heavy Plow
17:04 Scale Mail Armor
21:05 Forging
24:10 Castle Age
23:28 Gold Shaft Mining
22:47 Stone Mining
23:04 Scale Barding Armor
24:23 Cavalier
25:13 Squires
25:31 Chain Mail Armor
25:54 Iron Casting
26:11 Husbandry
26:35 Chain Barding Armor
30:19 Loom
34:35 Imperial Age
35:00 Capped Ram
35:54 Paladin
37:34 Ballistics
38:22 Blast Furnace
Iquinteroe23
0:32 Loom
10:18 Feudal Age
11:12 Double-Bit Axe
15:27 Castle Age
21:05 Bow Saw
20:50 Horse Collar
24:18 Caravan
25:52 Heavy Plow
28:38 Imperial Age
26:45 Wheelbarrow
27:31 Forging
27:21 Scale Mail Armor
28:39 Eagle Warrior
29:21 Squires
29:07 Arson
30:01 Iron Casting
29:41 Chain Mail Armor
30:38 Holcans
30:27 Elite Eagle Warrior
32:55 Blast Furnace
32:25 Plate Mail Armor
34:32 Plate Mail Armor
Connection lost

Rejoining the realm…

Still unreachable

The connection could not be restored.

Session expired

The server has moved on; the page needs a fresh start.